 Dungeon Crawl Stone Soup version 0.24-a0-292-g5c6fb1cd70 (webtiles) character file.

Game seed: 2297660941470954873

31 HAL9000 the Vexing (level 3, -2/16 HPs)
             Began as a Vine Stalker Enchanter on May 11, 2019.
             Slain by an adder (3 damage)
             ... on level 2 of the Dungeon.
             The game lasted 00:02:26 (1566 turns).

HAL9000 the Vexing (Vine Stalker Enchanter)         Turns: 1566, Time: 00:02:26

Health: -2/16      AC:  2    Str: 10    XL:     3   Next: 22%
Magic:  0/7        EV: 12    Int: 16    God:
Gold:   21         SH:  0    Dex: 14    Spells: 0/6 levels left

rFire    . . .     SeeInvis .   a - +1 dagger
rCold    . . .     Gourm    .   (no shield)
rNeg     . . .     Faith    .   b - +0 robe
rPois    .         Spirit   +   (no helmet)
rElec    .         Reflect  .   (no cloak)
rCorr    .         Harm     .   (no gloves)
MR       .....                  (no boots)
Stlth    ++........             (no amulet)
HPRegen  0.05/turn              (no ring)
MPRegen  0.10/turn              (no ring)

@: no status effects
A: fangs 2, magic shield, antimagic bite, no potion heal 3, rot immunity
a: no special abilities


You were on level 2 of the Dungeon.
You were not hungry.

You visited 1 branch of the dungeon, and saw 2 of its levels.

You collected 21 gold pieces.

Inventory:

Hand Weapons
 a - a +1 dagger (weapon)
Armour
 b - a +0 robe (worn)
Scrolls
 c - 2 scrolls of random uselessness {unknown}
 e - a scroll of teleportation {unknown}
 f - a scroll of amnesia {unknown}
 g - 3 scrolls of remove curse {unknown}
Potions
 i - a potion of curing {unknown}
 j - 2 potions of flight {unknown}
Comestibles
 d - a ration


   Skills:
 + Level 1.3 Short Blades
 - Level 1.5 Dodging
 - Level 3.6 Stealth
 - Level 2.1 Spellcasting
 + Level 4.0 Hexes


You couldn't memorise any spells.
You knew the following spells:

 Your Spells              Type           Power        Failure   Level  Hunger
a - Corona                Hex            ##.....      3%          1    #......
b - Ensorcelled Hibernat  Hex/Ice        #.....       14%         2    ###....
c - Confuse               Hex            ##......     12%         3    ###....

Your spell library contained the following spells:

 Spells                   Type           Power        Failure   Level  Hunger
 Tukima's Dance           Hex            ##......     12%         3    ###....
 Dazzling Spray           Conj/Hex       #.....       26%         3    ###....


Dungeon Overview and Level Annotations

Branches:
Dungeon (2/15)

Altars:
Kikubaaqudgha
Vehumet


Innate Abilities, Weirdness & Mutations

You have extremely sharp teeth.
When hurt, damage is shared between your health and your magic reserves.
Your bite disrupts and absorbs the magic of your enemies.
Potions cannot restore your health.
You are immune to rotting.


Message History

Confirm with . or Enter, or press ? or * to list all spells.
You don't have enough magic to cast that spell.
Unknown command.
Casting: Confuse (safe; 12% risk of failure)
Confirm with . or Enter, or press ? or * to list all spells.
You don't have enough magic to cast that spell.
You hit the adder. You bite the adder. You drain its power.
You feel invigorated.
The adder is severely wounded.
The adder bites you.
* * * LOW HITPOINT WARNING * * *
You hit the adder. Your bite misses the adder.
The adder is almost dead.
The adder bites you.
* * * LOW HITPOINT WARNING * * *
Unknown command.
You barely miss the adder.
The adder is almost dead.
The adder bites you.
You die...

####.#.########
....[.........# .
##<#.#.######.## #+# ..
####.#.######..# #.# ...
.....#.........# #.# ....
##############.#####.##.....
.................).(<.......
##############......(##.....
#...@._.........
#.#.S.8..##.####
#....._....... ###......##.
... ##....## . .. ##..## .
#..# #.#


You could see an adder.

Vanquished Creatures
  A worm (D:2)
  A dart slug (D:1)
  A leopard gecko (D:2)
  5 bats
  3 goblins
  4 hobgoblins
  4 jackals (D:2)
  2 kobolds
  A frilled lizard (D:2)
  A rat (D:1)
23 creatures vanquished.

Vanquished Creatures (others)
  4 toadstools (D:1)
4 creatures vanquished.

Grand Total: 27 creatures vanquished

Notes
Turn   | Place    | Note
-------+----------+-------------------------------------------
     0 | D:1      | HAL9000 the Vine Stalker Enchanter began the quest for the
                  | Orb.
     0 | D:1      | Reached XP level 1. HP: 9/9 MP: 4/4
   493 | D:1      | Reached skill level 1 in Short Blades
   493 | D:1      | Reached XP level 2. HP: 6/13 MP: 1/6
   499 | D:1      | Learned a level 2 spell: Ensorcelled Hibernation
  1121 | D:2      | Found an ancient bone altar of Kikubaaqudgha.
  1121 | D:2      | Found a radiant altar of Vehumet.
  1334 | D:2      | Reached XP level 3. HP: 15/16 MP: 7/7
  1340 | D:2      | Reached skill level 4 in Hexes
  1374 | D:2      | Learned a level 3 spell: Confuse
  1566 | D:2      | Slain by an adder

Levels and vault maps discovered:
D:1:      ldierk_walled_garden_2, layout_loops_ring
D:2:      layout_basic, overflow_temple_1_default,
          chequers_temple_overflow_statue_of_worship, minmay_tetromino_o2

Skill      XL: |  1  2  3 |
---------------+----------+-----
Short Blades   | 1 |  1.3
Hexes          | 4 |  4.0
Dodging        | |  1.5
Stealth        | |  3.6
Spellcasting   | |  2.1

Action                   || total
-------------------------++-------
Melee: Dagger            ||    76
       Bite              ||    19
 Cast: Corona            ||     9
       Ensorcelled Hiber ||     6
       Confuse           ||     3
 Stab: Sleeping          ||     8
  Eat: Chunk             ||     3
Armor: Robe              ||    10
Dodge: Dodged            ||    40

Table legend:
 A = Non-vault XP
 B = Vault XP
 C = Vault XP percentage of total XP
 D = Non-vault monster count
 E = Vault monster count
 F = Vault count percentage of total count
                 A         B        C        D         E       F
            +---------+---------+-------+---------+---------+-------
      Total |      45 |       0 |   0.0 |      23 |       0 |   0.0
            +---------+---------+-------+---------+---------+-------
        D:1 |      22 |       0 |   0.0 |      12 |       0 |   0.0
        D:2 |      23 |       0 |   0.0 |      11 |       0 |   0.0
            +---------+---------+-------+---------+---------+-------
